 Dungeon Crawl Stone Soup: Circus Animals version 1.7-37-g2c94cca (webtiles) character file.

6312 Ihatecarrots00 the Thaumaturge (level 15, -15/155 HPs) *EASY*
             Began as a Deep Elf Conjurer on Sept 21, 2016.
             Demolished by an ettin
             ... wielding a +0 dire flail
              (29 damage)
             ... on level 5 of the Orcish Mines on Sept 25, 2016.
             The game lasted 02:05:20 (22182 turns).

Ihatecarrots00 the Thaumaturge (Deep Elf Conjurer) Turns: 22182, Time: 02:05:21

Health: -15/155    AC: 19    Str:  8    XL:     15   Next: 55%
Magic:  175/175    EV:  4    Int: 20    God:
Gold:   256        SH:  0    Dex: 23    Spells: 9 memorised, 0 levels left

rFire  . . .     rPois    .     q - +7 greatsling "Punk" {freeze, rC+}
rCold  + . .     rElec    .     j - +6 chain mail "Saheeg" {Str+3}
rNeg   . . .     rCorr    .     (no shield) MagicSh . . . SeeInvis .
                                (no helmet) StaminaSh . . . Faith .
                                b - +0 cloak RegenHP ++++......
SustAt .                        (no gloves) RegenSP +......... Dismiss .
                                (no boots) RegenMP +++++++... Reflect .
                                i - amulet of magic regeneration
MR     +....     Harm     .     o - ring of wizardry
Stlth  ..........               t - +3 ring of dexterity

@: confused, power, quick, quick, somewhat resistant to hostile enchantments,
extremely unstealthy
A: dopey 1, slow stamina regeneration 1
a: no special abilities


You were on level 5 of the Orcish Mines.
You were not hungry.

You visited 3 branches of the dungeon, and saw 19 of its levels.

You collected 2356 gold pieces.
You spent 2100 gold pieces at shops.

Inventory:

Hand Weapons
 q - the +7 greatsling "Punk" (weapon) {freeze, rC+}
   (You found it on level 5 of the Lair of Beasts)

   It causes projectiles fired from it to freeze those they strike, causing
   extra injury to most foes and up to half again as much damage against
   particularly susceptible opponents.
   They can also slow down cold-blooded creatures.
   It protects you from cold.
Armour
 a - a +0 robe
 b - a +0 cloak (worn)
 e - a +0 steam dragon armour
 j - the +6 chain mail "Saheeg" (worn) {Str+3}
   (You found it on level 1 of the Lair of Beasts)

   It affects your strength (+3).
Jewellery
 c - an uncursed ring of resist corrosion
 d - a +6 ring of evasion
 h - an uncursed ring of stealth
 i - an amulet of magic regeneration (around neck)
 k - an uncursed ring of flight
 l - an uncursed amulet of stamina regeneration
 m - an uncursed ring of positive energy
 o - a ring of wizardry (right hand)
 s - an uncursed ring of see invisible
 t - a +3 ring of dexterity (left hand)
 u - an uncursed amulet of magic shield
Wands
 f - a wand of polymorph (8/24)
 g - a wand of flame (50/96)
 n - a wand of confusion (37/96)
 p - a wand of lightning (21/30)
 r - a wand of enslavement (10/24)
 v - a wand of random effects (16/48)
Scrolls
 f - 5 scrolls of magic mapping
 g - 6 scrolls of remove curse
 h - a scroll of vulnerability
 r - 2 scrolls of immolation
 u - 4 scrolls of noise
 y - 4 scrolls of teleportation
 A - a scroll of enchant weapon
 D - 3 scrolls of fear
 F - 2 scrolls of enchant armour
 I - 2 scrolls of summoning
 J - a scroll of fog
 L - 2 scrolls of blinking
 N - a scroll of holy word {unknown}
 O - 3 scrolls of recharging {unknown}
Potions
 b - 2 potions of heal wounds
 c - 15 potions of stamina
 d - a potion of magic
 e - 2 potions of berserk rage
 i - a potion of cure mutation
 j - a potion of cancellation
 l - a potion of invisibility
 m - 6 potions of degeneration
 n - 7 potions of haste
 o - 3 potions of lignification {unknown}
 p - 8 potions of agility {unknown}
 t - 9 potions of curing
 w - 5 potions of resistance {unknown}
 x - 6 potions of mutation
 z - 4 potions of might {unknown}
 B - 7 potions of brilliance {unknown}
 C - 7 potions of flight {unknown}
 E - 4 potions of ambrosia {unknown}
 K - 2 potions of beneficial mutation {unknown}
Books
 a - a book of Conjurations

   Spells                             Type                      Level
   a - Magic Dart                     Conjuration                  1
   b - Searing Ray                    Conjuration/Light            2
   c - Dazzling Spray                 Conjuration/Hexes/Light      3
   d - Fulminant Prism                Conjuration/Hexes/Time       4
   e - Iskenderun's Mystic Blast      Conjuration/Ice              4
   f - Iskenderun's Battlesphere      Conjuration/Charms/Light     5
 k - a book of Party Tricks

   Spells                             Type                      Level
   a - Summon Butterflies             Summoning/Air                1
   b - Apportation                    Translocation                1
   c - Tukima's Dance                 Hexes/Summoning              3
   d - Alistair's Intoxication        Hexes/Transmutation/Poison   5
   e - Invisibility                   Charms/Transmutation/Darkness 6
 q - a book of Spatial Translocations

   Spells                             Type                      Level
   a - Apportation                    Translocation                1
   b - Blink                          Translocation                2
   c - Shroud of Golubria             Charms/Translocation         2
   d - Portal Projectile              Translocation/Air            3
   e - Teleport Other                 Hexes/Translocation          3
   f - Passage of Golubria            Translocation/Air            4
 s - a book of Transfigurations

   Spells                             Type                      Level
   a - Irradiate                      Conjuration/Light            5
   b - Statue Form                    Transmutation/Earth/Time     6
   c - Hydra Form                     Transmutation/Air            6
   d - Dragon Form                    Fire/Transmutation           7
 v - a book of Flames

   Spells                             Type                      Level
   a - Flame Tongue                   Fire                         1
   b - Conjure Flame                  Conjuration/Fire             3
   c - Inner Flame                    Hexes/Fire/Time              3
   d - Sticky Flame                   Conjuration/Fire/Time        4
   e - Fireball                       Conjuration/Fire/Light       5
   f - Bolt of Magma                  Conjuration/Fire/Earth       5
 G - a book of Ice

   Spells                             Type                      Level
   a - Ice Form                       Ice/Transmutation            4
   b - Metabolic Englaciation         Hexes/Ice                    5
   c - Ozocubu's Refrigeration        Hexes/Ice                    6
   d - Bolt of Cold                   Conjuration/Ice              6
   e - Freezing Cloud                 Conjuration/Ice/Air          6
   f - Simulacrum                     Ice/Necromancy/Summoning     6
 H - a book of Spatial Translocations

   Spells                             Type                      Level
   a - Apportation                    Translocation                1
   b - Blink                          Translocation                2
   c - Shroud of Golubria             Charms/Translocation         2
   d - Portal Projectile              Translocation/Air            3
   e - Teleport Other                 Hexes/Translocation          3
   f - Passage of Golubria            Translocation/Air            4
 M - a book of the Sky

   Spells                             Type                      Level
   a - Airstrike                      Air                          4
   b - Summon Lightning Spire         Summoning/Air                5
   c - Silence                        Hexes/Air/Darkness           5
   d - Deflect Missiles               Charms/Air                   6
   e - Conjure Ball Lightning         Conjuration/Translocation/Air 6
   f - Tornado                        Air                          9
 P - a book of Annihilations

   Spells                             Type                      Level
   a - Poison Arrow                   Conjuration/Poison           6
   b - Chain Lightning                Conjuration/Air              8
   c - Lehudib's Crystal Spear        Conjuration/Ice/Earth        8
   d - Glaciate                       Ice                          9
   e - Fire Storm                     Fire                         9
 Q - the Almanac of Arcane Weapons and Darkness
   (You bought it in a shop on level 4 of the Orcish Mines)

   Spells                             Type                      Level
   a - Call Imp                       Summoning/Darkness           2
   b - Lightning Bolt                 Conjuration/Air              5
   c - Iron Shot                      Conjuration/Earth            6
   d - Freezing Cloud                 Conjuration/Ice/Air          6


   Skills:
 + Level 3.7 Slings
 + Level 6.6 Armour
 - Level 3.2 Dodging
 - Level 3.6 Stealth
 + Level 11.7 Spellcasting
 + Level 9.9 Conjurations
 + Level 4.7 Translocations
 + Level 6.9 Fire Magic
 + Level 6.7 Ice Magic


You couldn't memorise any spells.
You knew the following spells:

 Your Spells              Type           Power        Failure   Level  Hunger
a - Magic Dart            Conj           #.........   2%          1    ##.....
b - Iskenderun's Mystic   Conj/Ice       #.........   9%          4    ###....
c - Bolt of Magma         Conj/Fire/Erth #.........   17%         5    ###....
d - Hydra Form            Tmut/Air       #.........   77%         6    ####...
e - Fulminant Prism       Conj/Hex/Time  #.........   9%          4    ###....
f - Freezing Cloud        Conj/Ice/Air   #.........   32%         6    ####...
g - Blink                 Tloc           #.........   5%          2    ##.....
h - Airstrike             Air            #.........   32%         4    ###....
i - Iskenderun's          Battles        Conj/Chrm/Light#......... 17%         5    ###....


Dungeon Overview and Level Annotations

Branches:
Dungeon (7/7)               Dwarf (0/4) Orc:4           Elf (0/4) Orc:4
   Lair (7/7) D:7             Orc (5/7) Lair:7       Shoals (0/4) Lair:2
  Snake (0/4) Lair:3        Swamp (0/4) Lair:6
 Spider: Orc:2-6

Altars:
Dithmenos
Elyvilon
Fedhas
Nemelex Xobeh
Pakellas
Uskayaw
Xom
Beogh

Shops:
Orc:2 (   Orc:4 :   Orc:5 ?


Innate Abilities, Weirdness & Mutations

You are dopey. (Int -2)
You regenerate stamina slowly.


Message History

The orc high priest hits you but does no damage.
The ettin hits you with a dire flail!!
You were prevented from receiving too much damage! (32 -> 31)
* * * LOW HITPOINT WARNING * * *; The ettin hits you but does no damage.
You are confused.
An orc comes into view. (hp=7, hd=1) It is wielding a dagger.
You're too confused!
You're too confused!
You're too confused!
You're too confused!
You're too confused!
You're too confused!
You're too confused!
You're too confused!
You clumsily bash the ettin but do no damage.
The troll bites you. (hp-2)
* * * LOW HITPOINT WARNING * * *; The troll misses you.
The troll claws you but does no damage. The gnoll barely misses you.
The orc high priest misses you. The ettin completely misses you.
The ettin hits you with a great mace of confusion!! (hp-29)
You die...

##<))...........$.).)..
###).)..........)o.#
##.[........⌠.⌠#
###)......))∩.#
#........)).⌠#
##.....3o4..##
###>55og#.## ##.5TCo###
#.5T3@## #...5###
##..## #.[. #.... ##..


You could see an orc knight (inner flame), an ettin (inner flame), a soul eater,
an orc high priest (inner flame), 2 trolls, a ynoxinul, a red devil, a gnoll
(inner flame), 2 orcs and 5 ufetubi.

Vanquished Creatures
  3 stone giants
  15 hydras
  A catoblepas (Lair:7)
  A queen ant (Lair:2)
  14 death yaks (Lair:6)
  2 orc high priests
  A fire crab (Lair:7)
  An oklob plant (Lair:3)
  5 griffons
  4 orc knights
  3 orc sorcerers
  Pikel (D:4)
  2 torpor snails
  A siren (Lair:2)
  18 elephants
  11 black mambas
  5 komodo dragons
  17 spiny frogs
  3 merfolk (Lair:2)
  3 rime drakes
  4 trolls
  2 polar bears (Lair:7)
  2 boulder beetles (Lair:6)
  3 two-headed ogres (Orc:5)
  42 blink frogs
  Grinder (D:7)
  30 yaks
  2 basilisks
  15 hippogriffs
  A wyvern (Lair:4)
  20 soldier ants (Lair:2)
  7 wargs
  2 phantoms
  3 nagas (Lair:3)
  14 water moccasins
  A sky beast (D:5)
  2 steam dragons
  An ice beast (D:7)
  2 slaves (D:4)
  A necrophage (D:7)
  11 crocodiles
  9 ogres
  13 porcupines
  29 orc warriors
  A big kobold (D:6)
  A wasp (D:7)
  Sigmund (D:3)
  16 wolves
  4 centaurs
  15 giant frogs
  A gnoll sergeant (Orc:5)
  A giant frog zombie (D:5)
  A centaur skeleton (D:7)
  7 crimson imps
  4 electric eels
  5 lava snakes (Lair:5)
  5 dart slugs
  5 hounds
  2 howler monkeys (D:6)
  A jelly (D:6)
  33 orc priests
  39 orc wizards
  4 wights (D:6)
  9 giant geckos
  8 hell rats
  11 iguanas
  229 orcs
  34 sheep
  23 worker ants
  16 adders
  12 bats
  12 giant cockroaches
  15 gnolls
  16 goblins
  19 hobgoblins
  22 jackals
  13 kobolds
  A quasit (D:5)
  5 quokkas
  42 river rats
  An adder skeleton (D:7)
  2 ball pythons
  A giant gecko zombie (D:5)
  6 giant newts
  A hound zombie (D:6)
  A jackal skeleton (D:4)
  2 oozes
  2 quokka skeletons
  33 rats
  5 worms
  A fire vortex (Lair:5)
  7 fungi
  2 plants
1025 creatures vanquished.

Vanquished Creatures (collateral kills)
  A yak (Lair:5)
  A water moccasin (Lair:5)
2 creatures vanquished.

Vanquished Creatures (others)
  An orc warrior (Orc:2)
  A giant frog zombie (D:7)
  2 orc wizards
  7 orcs
  A worker ant (D:7)
  An adder skeleton (D:7)
  23 fulminant prisms
  6 fungi
  6 plants
48 creatures vanquished.

Grand Total: 1075 creatures vanquished

Notes
Turn   | Place    | Note
-------+----------+-------------------------------------------
     0 | D:1      | Ihatecarrots00 the Deep Elf Conjurer began the quest for the Orb.
     0 | D:1      | Reached XP level 1. HP: 32/32 MP: 175/175
    57 | D:1      | Reached skill level 4 in Spellcasting
    67 | D:1      | Reached XP level 2. HP: 40/40 MP: 171/175
    89 | D:1      | Reached XP level 3. HP: 49/49 MP: 171/175
   232 | D:1      | Reached XP level 4. HP: 58/58 MP: 171/175
   846 | D:2      | Learned a level 4 spell: Iskenderun's Mystic Blast
  1923 | D:2      | Reached XP level 5. HP: 67/67 MP: 171/175
  2781 | D:3      | Learned a level 5 spell: Fireball
  2782 | D:3      | Noticed Sigmund
  2787 | D:3      | Killed Sigmund
  2978 | D:3      | Found a white marble altar of Elyvilon.
  3134 | D:3      | Found a sparkling altar of Nemelex Xobeh.
  3134 | D:3      | Found a shimmering altar of Xom.
  3137 | D:3      | Found an oddly glowing altar of Pakellas.
  3369 | D:4      | Learned a level 5 spell: Bolt of Magma
  3597 | D:4      | Noticed Pikel
  3602 | D:4      | Killed Pikel
  3602 | D:4      | Reached skill level 1 in Armour
  3602 | D:4      | Reached skill level 5 in Spellcasting
  3602 | D:4      | Reached skill level 5 in Conjurations
  3602 | D:4      | Reached XP level 6. HP: 28/76 MP: 92/175
  3876 | D:4      | Found a faded altar of an unknown god.
  4059 | D:5      | Entered Level 5 of the Dungeon
  4122 | D:5      | Found a hide-covered altar of Uskayaw.
  4632 | D:5      | Reached XP level 7. HP: 83/83 MP: 166/175
  6921 | D:7      | Entered Level 7 of the Dungeon
  6943 | D:6      | Learned a level 6 spell: Hydra Form
  7535 | D:7      | Reached skill level 6 in Spellcasting
  7535 | D:7      | Reached XP level 8. HP: 74/91 MP: 125/175
  7556 | D:7      | Gained mutation: You regenerate stamina slowly. [mutagenic glow]
  7590 | D:7      | Found a staircase to the Lair.
  7597 | D:7      | Noticed Grinder
  7600 | D:7      | Killed Grinder
  7615 | Lair:1   | Entered Level 1 of the Lair of Beasts
  7692 | Lair:1   | Gained mutation: You are dopey. (Int -2) [mutagenic glow]
  7758 | Lair:1   | Learned a level 4 spell: Fulminant Prism
  8046 | Lair:1   | Reached XP level 9. HP: 102/102 MP: 169/175
  8157 | Lair:1   | Reached skill level 7 in Spellcasting
  9162 | Lair:1   | Got a scorched chain mail
  9173 | Lair:1   | Identified the +6 chain mail "Saheeg" {Str+3} (You found it on level 1 of the Lair of Beasts)
  9741 | Lair:2   | Reached XP level 10. HP: 111/111 MP: 167/175
  9790 | Lair:2   | Reached skill level 1 in Fire Magic
  9970 | Lair:2   | Reached skill level 8 in Spellcasting
 10063 | Lair:2   | Noticed a queen ant
 10070 | Lair:2   | Killed a queen ant
 10183 | Lair:2   | Reached XP level 11. HP: 120/120 MP: 65/175
 10210 | Lair:2   | Learned a level 6 spell: Freezing Cloud
 10585 | Lair:2   | Reached skill level 1 in Ice Magic
 10623 | Lair:2   | Found a staircase to the Shoals.
 11433 | Lair:3   | Noticed a two-headed hydra
 11439 | Lair:3   | Killed a two-headed hydra
 12185 | Lair:3   | Found a staircase to the Snake Pit.
 12398 | Lair:3   | Noticed a two-headed hydra
 12405 | Lair:3   | Killed a two-headed hydra
 12405 | Lair:3   | Reached XP level 12. HP: 127/128 MP: 56/175
 13253 | Lair:4   | Reached skill level 9 in Spellcasting
 13533 | Lair:4   | Found a blossoming altar of Fedhas.
 14875 | Lair:5   | Reached skill level 5 in Armour
 16337 | Lair:5   | Learned a level 2 spell: Blink
 16431 | Lair:6   | Reached XP level 13. HP: 135/135 MP: 94/175
 16443 | Lair:6   | Reached skill level 5 in Fire Magic
 16449 | Lair:6   | Reached skill level 1 in Slings
 16497 | Lair:6   | Reached skill level 1 in Translocations
 16503 | Lair:6   | Reached skill level 10 in Spellcasting
 16538 | Lair:6   | Reached skill level 5 in Ice Magic
 16786 | Lair:6   | Found a staircase to the Swamp.
 17216 | Lair:6   | Learned a level 4 spell: Airstrike
 17225 | Lair:6   | Reached XP level 14. HP: 146/146 MP: 86/175
 17595 | Lair:6   | Found a shadowy altar of Dithmenos.
 18600 | Lair:7   | Entered Level 7 of the Lair of Beasts
 18792 | Lair:7   | Found a staircase to the Orcish Mines.
 18817 | Lair:7   | Reached skill level 11 in Spellcasting
 19343 | Lair:7   | Reached XP level 15. HP: 143/155 MP: 165/175
 20025 | Orc:1    | Entered Level 1 of the Orcish Mines
 20766 | Orc:2    | Found Kitonwoq's Antique Weapon Shoppe.
 21412 | Orc:3    | Found a roughly hewn altar of Beogh.
 21561 | Orc:4    | Found a staircase to the Elven Halls.
 21592 | Orc:4    | Found a roughly hewn altar of Beogh.
 21817 | Orc:4    | Learned a level 5 spell: Iskenderun's Battlesphere
 21926 | Orc:4    | Found a staircase to the Dwarven Fortress.
 21994 | Orc:4    | Found a roughly hewn altar of Beogh.
 22034 | Orc:4    | Found Judiasush's Book Shoppe.
 22037 | Orc:4    | Bought a book of Annihilations for 1435 gold pieces
 22037 | Orc:4    | Bought the Almanac of Arcane Weapons and Darkness for 665 gold pieces
 22110 | Orc:5    | Found Ythrat's Magic Scroll Boutique.
 22181 | Orc:5    | HP: 15/155 [ettin/dire flail (31)]
 22182 | Orc:5    | Demolished by an ettin

Skill      XL: |  1  2  3  4  5  6  7  8  9 10 11 12 13 14 |
---------------+-------------------------------------------+-----
Spellcasting   | 4 5 6 7 8 9 10 11 | 11.7
Stealth        | 3 |  3.6
Dodging        | 3 |  3.2
Armour         | 1 2 3 4 5 6 |  6.6
Conjurations   | 5 6 7 8 9 |  9.9
Fire Magic     | 2 3 4 5 6 |  6.9
Ice Magic      | 2 4 5 6 |  6.7
Slings         | 2 3 |  3.7
Translocations | 2 4 |  4.7

Action                   |  1- 3 |  4- 6 |  7- 9 | 10-12 | 13-15 || total
-------------------------+-------+-------+-------+-------+-------++-------
Melee: Unarmed           |       |    19 |    37 |     1 |       ||    57
       Greatsling        |       |       |       |       |     1 ||     1
 Fire: Greatsling        |       |       |       |    57 |    34 ||    91
 Cast: Magic Dart        |    50 |   142 |   203 |   307 |   390 ||  1092
       Iskenderun's Myst |       |    88 |   174 |   189 |   347 ||   798
       Bolt of Magma     |       |     9 |    19 |    16 |    63 ||   107
       Fireball          |       |     1 |       |       |       ||     1
       Fulminant Prism   |       |       |     1 |     4 |    18 ||    23
       Freezing Cloud    |       |       |       |     4 |       ||     4
       Blink             |       |       |       |     7 |    62 ||    69
       Airstrike         |       |       |       |       |     7 ||     7
       Iskenderun's Batt |       |       |       |       |     2 ||     2
Evoke: Wand              |       |       |       |       |     2 ||     2
  Use: Scroll            |       |     7 |    10 |     3 |    12 ||    32
       Potion            |       |       |     3 |     6 |    11 ||    20
Armor: Robe              |       |    10 |    15 |       |       ||    25
       Chain mail        |       |       |       |   215 |   342 ||   557
Dodge: Dodged            |     9 |    72 |   223 |   368 |   301 ||   973
